 Dungeon Crawl Stone Soup version 0.21.1-1-g345015f (webtiles) character file.

114 teukkam the Ruffian (level 4, -2/46 HPs)
             Began as a Troll Monk on June 11, 2018.
             Slain by a gnoll
             ... wielding a +0 spear
              (4 damage)
             ... on level 3 of the Dungeon.
             The game lasted 00:05:27 (495 turns).

teukkam the Ruffian (Troll Monk)                     Turns: 495, Time: 00:05:28

Health: -2/46      AC:  5    Str: 20    XL:     4   Next: 67%
Magic:  3/3        EV: 10    Int:  6    God:
Gold:   64         SH:  0    Dex: 12    Spells: 3/3 levels left

rFire    . . .     SeeInvis .     - Unarmed
rCold    . . .     Gourm    +   (no shield)
rNeg     . . .     Faith    .   a - +0 robe
rPois    .         Spirit   .   (helmet restricted)
rElec    .         Reflect  .   (no cloak)
rCorr    .         Harm     .   (gloves unavailable)
MR       .....                  (boots unavailable)
Stlth    ++........             (no amulet)
HPRegen  0.95/turn              (no ring)
MPRegen  0.08/turn              (no ring)

@: no status effects
A: large, unfitting armour, claws 3, talons 1, fast metabolism 3, gourmand,
regeneration 2, shaggy fur 1, tough skin 2, no potion heal 1
a: no special abilities


You were on level 3 of the Dungeon.
You were completely stuffed.

You visited 1 branch of the dungeon, and saw 3 of its levels.

You collected 64 gold pieces.

Inventory:

Missiles
 f - 7 tomahawks (quivered)
 i - a throwing net
Armour
 a - a +0 robe (worn)
Scrolls
 c - 4 scrolls of teleportation {unknown}
 e - a scroll of amnesia {unknown}
 j - a scroll of random uselessness {unknown}
Potions
 d - a potion of mutation
 g - 2 potions of cancellation {unknown}
 h - a potion of resistance {unknown}
Comestibles
 b - 2 rations
 k - 6 chunks of flesh


   Skills:
 + Level 3.6 Fighting
 - Level 2.4 Dodging
 - Level 1.0 Stealth
 + Level 4.4 Unarmed Combat


You had 3 spell levels left.
You didn't know any spells.

Dungeon Overview and Level Annotations

Branches:
Dungeon (3/15)

Altars:


Innate Abilities, Weirdness & Mutations

You are too large for most types of armour.
You have claws for hands.
Your metabolism is lightning-fast.
You like to eat raw meat.
You heal very quickly.
You are covered in fur. (AC +1)
You have very tough skin. (AC +2)
You have sharp toenails.
Potions are less effective at restoring your health.


Message History

The gnoll is almost dead.
The gnoll hits you with a spear.
* * * LOW HITPOINT WARNING * * *
You closely miss the gnoll.
The gnoll is almost dead.
The gnoll closely misses you.
You barely miss the gnoll.
The gnoll is almost dead.
The gnoll hits you with a spear!
* * * LOW HITPOINT WARNING * * *
It was a potion of mutation.
You feel extremely strange.
Your toenails lengthen and sharpen.
Your system partially rejects the healing effects of potions.
You begin to heal more quickly.
The gnoll hits you with a spear.
* * * LOW HITPOINT WARNING * * *
You scratch the gnoll.
The gnoll is almost dead.
The gnoll hits you with a spear.
You die...

#............ .##
#.......# #.# ..#
#....(..###.####.####
#.....(.)))..(......##
#....(..###.####......
#####(#####...).###.##
#.##.....##...#...
#)##.....####.##.#
######@(#.....# #.##..
#.....g.#.....# #..#.#
#....(<(####.## ##...#
#.).....# #.. #..##
#.....[.# #.. #...#
#.......# #. ..#..
#........ ..####
###....... ...
#.....g. ..#. #


You could see a gnoll.

Vanquished Creatures
  A hound skeleton (D:3)
  3 adders
  3 gnolls (D:3)
  An ooze (D:2)
  A worm (D:2)
  A leopard gecko (D:3)
  3 orcs (D:3)
  3 bats
  4 giant cockroaches (D:3)
  A hobgoblin (D:3)
  3 jackals
  5 kobolds
  A quokka (D:2)
  4 goblins (D:3)
  2 rats
36 creatures vanquished.

Notes
Turn   | Place    | Note
-------+----------+-------------------------------------------
     0 | D:1      | teukkam the Troll Monk began the quest for the Orb.
     0 | D:1      | Reached XP level 1. HP: 22/22 MP: 0/0
    52 | D:2      | Reached XP level 2. HP: 29/29 MP: 1/1
   217 | D:2      | Reached XP level 3. HP: 31/37 MP: 2/2
   290 | D:3      | Reached skill level 4 in Unarmed Combat
   362 | D:3      | Reached XP level 4. HP: 43/45 MP: 3/3
   494 | D:3      | Gained mutation: You have sharp toenails. [potion of mutation]
   494 | D:3      | Gained mutation: Potions are less effective at restoring your health. [potion of mutation]
   494 | D:3      | Gained mutation: You heal very quickly. [potion of mutation]
   494 | D:3      | HP: 2/46 [gnoll/spear (4)]
   495 | D:3      | Slain by a gnoll

Skill      XL: |  1  2  3 |
---------------+----------+-----
Fighting       | 3 |  3.6
Unarmed Combat | 4 |  4.4
Dodging        | |  2.4
Stealth        | |  1.0

Action                   |  1- 3 |  4- 6 || total
-------------------------+-------+-------++-------
Melee: Unarmed           |    55 |    32 ||    87
       Punch             |     2 |       ||     2
Throw: Tomahawk          |       |     1 ||     1
  Use: Potion            |       |     1 ||     1
 Stab: Sleeping          |     1 |       ||     1
  Eat: Chunk             |     7 |     3 ||    10
Armor: Robe              |    22 |     8 ||    30
Dodge: Dodged            |    32 |    20 ||    52
